 Dungeon Crawl Stone Soup version 0.17.0-28-g6e173f8 (webtiles) character file.

2827 fredomojojo the Covert (level 9, -5/58 HPs)
             Began as an Octopode Assassin on Nov 25, 2015.
             Was a Believer of Nemelex Xobeh.
             Slain by a yak (13 damage)
             ... on level 9 of the Dungeon.
             The game lasted 01:52:52 (7982 turns).

fredomojojo the Covert (Octopode Assassin)          Turns: 7982, Time: 01:52:52

Health: -5/58      AC: -7    Str: 10      XL:     9   Next: 73%
Magic:  8/8        EV: 14    Int: 13      God:    Nemelex Xobeh [**....]
Gold:   494        SH:  0    Dex: 16 (17) Spells: 0 memorised, 8 levels left

rFire  + . .     SeeInvis +     x - +2 dagger (venom)
rCold  . . .     Clarity  .     (no shield)
rNeg   . . .     SustAt   .     (helmet restricted)
rPois  .         Gourm    .     (no amulet)
rElec  .         Spirit   .     I - ring of protection from fire
rCorr  .         Warding  .     (no ring)
rMut   .         Stasis   .     (no ring)
MR     +....                    (no ring)
Stlth  +++++++...               (no ring)
                                (no ring)
                                (no ring)
                                (no ring)

@: corroded equipment, somewhat resistant to hostile enchantments, extremely
stealthy
A: almost no armour, amphibious, 8 rings, constrict 8, camouflage 1, see
invisible, low mp 1, magic resistance 1, gelatinous body 1
a: Renounce Religion


You were on level 9 of the Dungeon.
You worshipped Nemelex Xobeh.
Nemelex Xobeh was pleased with you.
You were not hungry.

You visited 2 branches of the dungeon, and saw 10 of its levels.

You collected 494 gold pieces.

Inventory:

Hand Weapons
 a - a +2 dagger
 b - a +0 blowgun
 x - a +2 dagger of venom (weapon)
 J - a +0 dagger of electrocution
 K - a +3 short sword
Missiles
 c - 43 poisoned needles
 h - 212 stones (quivered)
 l - 71 sling bullets
 G - 4 needles of slowing
Jewellery
 I - a ring of protection from fire (left tentacle)
Wands
 d - a wand of random effects (26)
 o - a wand of frost (28)
 w - a wand of hasting (4)
 y - a wand of digging (9)
 z - a wand of fireball (2)
Scrolls
 i - a scroll of noise
 k - a scroll of blinking
 m - 3 scrolls of remove curse
 B - 2 scrolls of enchant armour
 C - a scroll of magic mapping {unknown}
 E - a scroll of identify
 M - a scroll of amnesia {unknown}
Potions
 f - a potion of poison {unknown}
 q - a potion of magic
 r - a potion of resistance {unknown}
 s - 3 potions of might
 u - a potion of curing {unknown}
 H - a potion of agility
 O - a potion of invisibility {unknown}
Miscellaneous
 j - a plain deck of changes {drawn: 1}
 v - a plain deck of escape {drawn: 5}
 D - a plain deck of destruction
 P - a plain deck of destruction
Comestibles
 e - 6 bread rations
 g - a royal jelly
 n - 2 meat rations
 p - 7 slices of pizza
 F - 2 beef jerkies


   Skills:
 + Level 3.7 Fighting
 + Level 3.8 Short Blades
 + Level 7.0 Throwing
 + Level 4.4 Dodging
 + Level 13.3 Stealth
 + Level 1.0 Evocations


You had 8 spell levels left.
You didn't know any spells.

Dungeon Overview and Level Annotations

Branches:
Dungeon (9/15)             Temple (1/1) D:5
   Lair: D:8-11         Orc: D:9-12

Altars:
Ashenzari
Cheibriados
Dithmenos
Fedhas
Gozag
Kikubaaqudgha
Makhleb
Nemelex Xobeh
Okawaru
Qazlal
Ru
Sif Muna
Trog
Vehumet
Xom
Zin
Lugonu


Innate Abilities, Weirdness & Mutations

You cannot wear most types of armour.
You are amphibious.
You can wear up to eight rings at the same time.
You can use your tentacles to constrict eight enemies at once.
Your skin changes colour to match your surroundings (Stealth).
Your rubbery body absorbs attacks (AC +1).
You have supernaturally acute eyesight.
Your magical capacity is low (-10% MP).
You are resistant to hostile enchantments.


Message History

The yak is moderately wounded.
The yak misses you.
You barely miss the yak.
The yak is heavily wounded.
The yak gores you!
The yak bellows!
You hit the yak but do no damage. You squeeze the yak.
The yak is heavily wounded.
The yak gores you!
You hit the yak but do no damage. Your squeeze misses the yak.
The yak is severely wounded.
You hit the yak but do no damage.
The yak is severely wounded.
The yak gores you!!
* * * LOW HITPOINT WARNING * * *
You barely miss the yak.
The yak is severely wounded.
The yak gores you!
You die...
Your body disappears without a glow.

..⌠.....<# [.......##
#.#.#.... .......### .......
######. ........ ###
###...... #@# ......≈.
###Y#+#######......≈
#..YY.Y.Y.Y.#....Z≈≈
#...Y...###.#.....≈.
#..≈....# #.#.Y..... #
#.......# #.Y...Y... #.#
#.......# #..Y.Y....
#...#+######.......#
#......≈.≈
#..........###...###.....≈≈.≈


You could see 4 yaks.

Vanquished Creatures
  Prince Ribbit (D:8)
  Sigmund (D:3)
  A human (D:8)
  Menkaure (D:5)
  A water moccasin (D:6)
  2 ice beasts (D:8)
  A sky beast (D:5)
  A phantom (D:4)
  A centaur (D:9)
  An orc warrior (D:8)
  A necrophage (D:7)
  An ogre (D:5)
  3 giant frogs
  2 scorpions (D:8)
  A killer bee (D:7)
  A crimson imp (D:6)
  An electric eel (D:8)
  A centaur skeleton (D:6)
  3 hounds
  3 orc wizards
  Crazy Yiuf (D:3)
  5 jellies
  2 orc priests
  3 worker ants
  Terence (D:2)
  4 sheep (D:8)
  2 killer bee zombies
  A hound skeleton (D:6)
  A mummy (D:6)
  8 gnolls
  8 adders
  2 shadow imps
  2 oozes (D:2)
  2 worms
  3 giant geckos
  20 orcs
  8 bats
  5 giant cockroaches
  6 hobgoblins
  12 jackals
  5 quokkas
  2 ball pythons
  2 giant gecko skeletons
  4 giant newts
  4 goblins
  10 kobolds
  7 rats
158 creatures vanquished.

Notes
Turn   | Place    | Note
--------------------------------------------------------------
     0 | D:1      | fredomojojo the Octopode Assassin began the quest for the Orb.
     0 | D:1      | Reached XP level 1. HP: 14/14 MP: 1/1
    92 | D:1      | Reached XP level 2. HP: 17/19 MP: 2/2
   277 | D:1      | Reached skill level 6 in Stealth
   331 | D:1      | Reached XP level 3. HP: 24/24 MP: 3/3
   593 | D:2      | Noticed Terence
   597 | D:2      | Killed Terence
   597 | D:2      | Reached XP level 4. HP: 29/29 MP: 4/4
   810 | D:2      | Reached skill level 7 in Stealth
  1039 | D:3      | Noticed Crazy Yiuf
  1045 | D:3      | Killed Crazy Yiuf
  1096 | D:3      | Noticed Sigmund
  1096 | D:3      | Reached XP level 5. HP: 24/34 MP: 5/5
  1372 | D:3      | Reached skill level 8 in Stealth
  1423 | D:2      | Gained mutation: Your magical capacity is low (-10% MP). [potion of mutation]
  1423 | D:2      | Gained mutation: You are clumsy. (Dex -2) [potion of mutation]
  2061 | D:3      | Found an opulent altar of Gozag.
  2141 | D:4      | Noticed a phantom
  2578 | D:3      | Killed Sigmund
  2578 | D:3      | Reached skill level 9 in Stealth
  2578 | D:3      | Reached XP level 6. HP: 18/41 MP: 5/5
  2712 | D:3      | Found a faded altar to an unknown god.
  3285 | D:5      | Entered Level 5 of the Dungeon
  3301 | D:5      | HP: 2/41 [gnoll/whip (7)]
  3392 | D:5      | Reached XP level 7. HP: 25/45 MP: 6/6
  3830 | D:5      | Found a staircase to the Ecumenical Temple.
  3840 | Temple   | Entered the Ecumenical Temple
  3860 | Temple   | Became a worshipper of Nemelex Xobeh the Trickster
  3916 | D:5      | Received a gift from Nemelex Xobeh
  3997 | D:4      | Killed a phantom
  4060 | D:4      | Gained mutation: Your natural rate of healing is unusually fast. [potion of mutation]
  4060 | D:4      | Lost mutation: You are clumsy. (Dex -2) [potion of mutation]
  4060 | D:4      | Gained mutation: Your mind is acute. (Int +2) [potion of mutation]
  4061 | D:4      | Lost mutation: Your natural rate of healing is unusually fast. [potion of mutation]
  4061 | D:4      | Gained mutation: You have supernaturally acute eyesight. [potion of mutation]
  4061 | D:4      | Gained mutation: You are resistant to hostile enchantments. [potion of mutation]
  4238 | D:5      | Found a bloodstained altar of Trog.
  4238 | D:5      | Found a glowing silver altar of Zin.
  4240 | D:5      | Found a radiant altar of Vehumet.
  4335 | D:5      | Noticed Prince Ribbit
  4347 | D:5      | Found a shadowy altar of Dithmenos.
  4504 | D:5      | Noticed Menkaure
  4681 | D:5      | Killed Menkaure
  4985 | D:4      | You fall through a shaft!
  5036 | D:6      | Found a shattered altar of Ashenzari.
  5085 | D:6      | Reached XP level 8. HP: 52/52 MP: 7/7
  5113 | D:6      | Reached skill level 5 in Throwing
  5158 | D:6      | Found a blossoming altar of Fedhas.
  5284 | D:6      | Found a snail-covered altar of Cheibriados.
  5302 | D:6      | Reached * piety under Nemelex Xobeh
  5622 | D:6      | Reached skill level 10 in Stealth
  5694 | D:5      | Lost mutation: Your mind is acute. (Int +2) [mutagenic meat]
  6039 | D:8      | Reached skill level 11 in Stealth
  6146 | D:8      | Received a gift from Nemelex Xobeh
  6216 | D:7      | Reached XP level 9. HP: 57/57 MP: 8/8
  6311 | D:7      | Found a deep blue altar of Sif Muna.
  6396 | D:7      | You fall through a shaft!
  6396 | D:8      | Found a sparkling altar of Nemelex Xobeh.
  6404 | D:8      | Reached skill level 12 in Stealth
  6994 | D:8      | Found a shattered altar of Ashenzari.
  7062 | D:8      | Reached ** piety under Nemelex Xobeh
  7128 | D:8      | HP: 1/57 [orc warrior/long sword (24)]
  7150 | D:8      | Received a gift from Nemelex Xobeh
  7193 | D:8      | HP: 2/57 [acid (2)]
  7467 | D:8      | Killed Prince Ribbit
  7467 | D:8      | Reached skill level 13 in Stealth
  7467 | D:8      | Reached skill level 1 in Evocations
  7982 | D:9      | Slain by a yak

Action                   |  1- 3 |  4- 6 |  7- 9 || total
-------------------------+-------+-------+-------++-------
Melee: Dagger            |    47 |   124 |   138 ||   309
       Short sword       |       |     2 |    13 ||    15
 Fire: Blowgun           |       |    14 |    42 ||    56
Throw: Stone             |     3 |    58 |    49 ||   110
Evoke: Wand              |       |       |     5 ||     5
       Deck              |       |       |     6 ||     6
  Use: Scroll            |     1 |       |    10 ||    11
       Potion            |       |     4 |     6 ||    10
 Stab: Sleeping          |    13 |    15 |    32 ||    60
       Distracted        |     2 |       |     1 ||     3
  Eat: Chunk             |       |     6 |     7 ||    13
       Beef jerky        |       |     1 |     1 ||     2
       Meat ration       |       |       |     1 ||     1
       Bread ration      |       |       |     1 ||     1
